 Dungeon Crawl Stone Soup version 0.25.0-37-gb73750e0fb (webtiles) character file.

Game seed: 14420309944104823995

749 protoss039 the Sneak (level 7, -6/38 HPs)
             Began as a Vampire Air Elementalist on July 9, 2020.
             Was a Follower of Kikubaaqudgha.
             Mangled by a wyvern skeleton (10 damage)
             ... on level 6 of the Dungeon.
             The game lasted 00:25:49 (7408 turns).

protoss039 the Sneak (Vampire Air Elementalist)     Turns: 7408, Time: 00:25:50

Health: -6/38      AC:  3    Str:  7    XL:     7   Next: 48%
Magic:  4/12       EV: 13    Int: 20    God:    Kikubaaqudgha [*.....]
Gold:   270        SH:  0    Dex: 14    Spells: 3/13 levels left

rFire    + . .     SeeInvis +   x - +0 hand axe (pain)
rCold    + + .     Gourm    .   (no shield)
rNeg     + + +     Faith    .   a - +0 robe
rPois    ∞         Spirit   .   i - +0 helmet
rElec    .         Reflect  .   (no cloak)
rCorr    .         Harm     .   (no gloves)
MR       .....                  (no boots)
Stlth    +++++.....             t - amulet of regeneration
HPRegen  0.00/turn              y - ring of wizardry
MPRegen  0.13/turn              s - ring of protection from fire

@: bloodless
A: no food, fangs 3, see invisible, unbreathing
a: Bat Form, Revivify, Receive Corpses, Renounce Religion


You were on level 6 of the Dungeon.
You worshipped Kikubaaqudgha.
Kikubaaqudgha was aware of your devotion.
You were bloodless.

You visited 2 branches of the dungeon, and saw 7 of its levels.

You collected 270 gold pieces.

Inventory:

Hand Weapons
 l - a +0 dagger
 x - a +0 hand axe of pain (weapon)
 B - a +2 vampiric whip
Armour
 a - a +0 robe (worn)
 h - a +0 leather armour
 i - a +0 helmet (worn)
 r - a cursed +0 buckler
Jewellery
 d - an uncursed amulet of faith {unknown}
 s - a ring of protection from fire (right hand)
 t - an amulet of regeneration (around neck)
 y - a ring of wizardry (left hand)
Wands
 q - a wand of paralysis (8)
Scrolls
 b - 2 scrolls of blinking
 g - 3 scrolls of teleportation
 j - a scroll of immolation
 k - a scroll of enchant armour
 n - a scroll of fog
 o - 4 scrolls of remove curse
 p - 2 scrolls of noise {unknown}
 u - 2 scrolls of identify
 w - a scroll of enchant weapon
Potions
 c - 2 potions of flight {unknown}
 e - 2 potions of heal wounds {unknown}
 f - 7 potions of curing {unknown}
 m - a potion of stabbing {unknown}
 v - 2 potions of might {unknown}
 z - a potion of lignification {unknown}
 A - a potion of haste {unknown}


   Skills:
 - Level 1.0 Fighting
 - Level 1.0 Short Blades
 * Level 2.3 Armour
 - Level 3.0 Dodging
 - Level 6.0 Stealth
 * Level 1.8 Shields
 + Level 3.6 Spellcasting
 + Level 1.8 Conjurations
 * Level 1.3 Necromancy
 + Level 4.8 Air Magic


You had 3 spell levels left.
You knew the following spells:

 Your Spells              Type           Power        Failure   Level  Hunger
a - Shock                 Conj/Air       ###.         1%          1    N/A
b - Swiftness             Chrm/Air       ##......     3%          2    N/A
c - Static Discharge      Conj/Air       ###.....     4%          3    N/A
d - Airstrike             Air            ###.......   8%          4    N/A

Your spell library contained the following spells:

 Spells                   Type           Power        Failure   Level  Hunger
 Animate Skeleton         Necr           N/A          3%          1    N/A
 Pain                     Necr           #...         3%          1    N/A
 Sublimation of Blood     Necr           #.........   4%          2    N/A
 Vampiric Draining        Necr           #.........   9%          3    N/A
 Lightning Bolt           Conj/Air       ###.......   34%         5    N/A

Dungeon Overview and Level Annotations

Branches:
Dungeon (6/15)             Temple (1/1) D:4

Altars:
Ashenzari
Cheibriados
Dithmenos
Elyvilon
Gozag
Hepliaklqana
Kikubaaqudgha
Makhleb
Nemelex Xobeh
Okawaru
Qazlal
Ru
Uskayaw
Vehumet
Wu Jian
Xom
Yredelemnul
Zin
The Shining One

Shops:
D:4 *

Annotations:
D:5 1 exclusion


Innate Abilities, Weirdness & Mutations

You do not eat.
You do not regenerate when monsters are visible.
You are frail without blood (-20% HP).
You can heal yourself when you bite living creatures.
You are immune to poison.
You have razor-sharp teeth.
You have supernaturally acute eyesight. (SInv)
You can survive without breathing.


Message History

* * * LOW HITPOINT WARNING * * *
The wyvern skeleton is struck by an arc of lightning.
The wyvern skeleton is heavily damaged.
The lightning grounds out.
The wyvern skeleton bites you.
* * * LOW HITPOINT WARNING * * *
Unknown command.
Casting: Static Discharge (dangerous; 4% risk of failure)
Confirm with . or Enter, or press ? or * to list all spells.
Aiming: Shock (safe; 1% risk of failure)
Press: ? - help, Shift-Dir - straight line
Okay, then.
Casting: Shock (safe; 1% risk of failure)
Confirm with . or Enter, or press ? or * to list all spells.
The wyvern skeleton is struck by an arc of lightning.
The wyvern skeleton is severely damaged.
You are struck by an arc of lightning.
* * * LOW HITPOINT WARNING * * *
The lightning grounds out.
The wyvern skeleton bites you!
You die...
Kikubaaqudgha rasps: "You have failed me!
Welcome... oblivion!"

#..o.o..... #.o.o......
####### #.o....?... # #..
..# #.......... #.#.# #.#
#.#.#
#.##.#.###.###########.#.#
.............†.).).).)....
##.#.......#########.#..
#<..@...# #.#.. ##.Z....#
#.#.. ####.### #.#.. #.#
#.#.. ... #.#.. ##.##
#.... #.# #.... ... #....
#....


You could see a wyvern skeleton.

Vanquished Creatures
  An ogre (D:6)
  A howler monkey (D:5)
  A crimson imp (D:3)
  A hound (D:6)
  3 orc wizards
  An orc priest (D:3)
  A jelly (D:6)
  5 worker ants
  A killer bee zombie (D:6)
  A hound skeleton (D:4)
  5 gnolls
  8 adders
  2 oozes (D:1)
  An adder zombie (D:5)
  4 worms
  2 dart slugs (D:2)
  2 leopard geckos
  25 orcs
  5 giant cockroaches
  7 goblins
  5 hobgoblins
  7 jackals
  9 kobolds
  2 quokkas
  A ball python (D:2)
  7 bats
  8 frilled lizards
  A quokka skeleton (D:5)
  6 rats
123 creatures vanquished.

Notes
Turn   | Place    | Note
-------+----------+-------------------------------------------
     0 | D:1      | protoss039 the Vampire Air Elementalist began the quest for
                  | the Orb.
     0 | D:1      | Reached XP level 1. HP: 13/13 MP: 3/3
   317 | D:1      | Reached XP level 2. HP: 12/15 MP: 0/5
  1218 | D:1      | Learned a level 2 spell: Swiftness
  1255 | D:2      | Reached XP level 3. HP: 17/21 MP: 2/6
  1782 | D:2      | Reached skill level 1 in Conjurations
  1855 | D:2      | Found a faded altar of an unknown god.
  2472 | D:2      | Reached XP level 4. HP: 18/21 MP: 2/7
  2725 | D:3      | Reached skill level 4 in Stealth
  3154 | D:3      | Found a white marble altar of Elyvilon.
  3173 | D:3      | Reached XP level 5. HP: 24/24 MP: 4/8
  3534 | D:3      | Reached skill level 1 in Armour
  4515 | D:3      | Learned a level 3 spell: Static Discharge
  4529 | D:4      | Found a staircase to the Ecumenical Temple.
  4560 | Temple   | Entered the Ecumenical Temple
  4722 | Temple   | Became a worshipper of Kikubaaqudgha
  4784 | D:4      | Reached XP level 6. HP: 29/33 MP: 0/10
  4874 | D:4      | Found an iron altar of Okawaru.
  5038 | D:4      | Found a snail-covered altar of Cheibriados.
  5201 | D:4      | Found Jidius's Assorted Antiques.
  5353 | D:4      | Reached skill level 5 in Stealth
  5444 | D:4      | Reached skill level 1 in Shields
  5631 | D:5      | Entered Level 5 of the Dungeon
  5808 | D:5      | Reached skill level 1 in Short Blades
  5956 | D:5      | Noticed a sky beast
  6323 | D:5      | Reached * piety under Kikubaaqudgha
  6323 | D:5      | Identified Kikubaaqudgha's Catalogue of Evil Secrets
                  | (Kikubaaqudgha gifted it to you on level 5 of the Dungeon)
  6323 | D:5      | Received a gift from Kikubaaqudgha
  6323 | D:5      | Reached skill level 6 in Stealth
  6760 | D:5      | Learned a level 4 spell: Airstrike
  6922 | D:6      | Reached XP level 7. HP: 12/37 MP: 7/12
  6928 | D:6      | HP: 1/37 [killer bee zombie (7)]
  7140 | D:6      | Reached skill level 1 in Fighting
  7186 | D:6      | Reached skill level 1 in Necromancy
  7408 | D:6      | Mangled by a wyvern skeleton

Illustrated notes

Levels and vault maps discovered:
D:1:      wander_arrival_abandoned_jail, layout_loops_ring, serial_forest,
          infiniplex_forest_clump_medium, infiniplex_forest_corner_1,
          infiniplex_forest_clump_diagonal, infiniplex_forest_lined_4_way,
          infiniplex_forest_corner_1, infiniplex_forest_corner_1,
          infiniplex_forest_clump_diagonal
D:2:      layout_loops_ring, chequers_ecumenical_altar_island,
          cheibrodos_gnoll_hut
D:3:      layout_loops_cross, elyvilon_altar_1, first_ration,
          minmay_joined_circles
D:4:      layout_loops_ring, okawaru_trees_1, lemuel_round_altar,
          minmay_temple_entry_hall, serial_shops, nicolae_shop_trees,
          guppyfry_early_lair_pool
D:5:      layout_loops_ring
D:6:      layout_basic, tgw_sif, minivault_19, feat_on_display
Temple:   regret_index_temple_sphere_string

Skill      XL: |  1  2  3  4  5  6  7 |
---------------+----------------------+-----
Conjurations   | 1 |  1.8
Dodging        | 3 |  3.0
Stealth        | 4 6 |  6.0
Air Magic      | 4 |  4.8
Armour         | 1 2 |  2.3
Spellcasting   | 3 |  3.6
Shields        | 1 |  1.8
Short Blades   | 1 |  1.0
Fighting       | 1 |  1.0
Necromancy     | 1 |  1.3

Action                   |  1- 3 |  4- 6 |  7- 9 || total
-------------------------+-------+-------+-------++-------
Melee: Unarmed           |    11 |       |       ||    11
       Bite              |     5 |     7 |     1 ||    13
       Spear             |     4 |       |       ||     4
       Dagger            |    25 |   116 |     5 ||   146
       Whip              |       |     2 |     3 ||     5
       Hand axe          |       |     1 |     4 ||     5
 Cast: Shock             |    70 |   130 |    16 ||   216
       Static Discharge  |       |    12 |    13 ||    25
 Abil: Exsanguinate      |     2 |       |       ||     2
       Revivify          |     1 |       |       ||     1
  Use: Scroll            |       |    10 |       ||    10
 Stab: Sleeping          |     3 |    11 |     1 ||    15
       Distracted        |       |       |     1 ||     1
Armor: Robe              |    21 |    31 |     3 ||    55
Dodge: Dodged            |    80 |   113 |    33 ||   226
